Match 46307378
Unlisted

Match 46307378
End
Construct Section Command Post
Dingo Light Scout Car
Selects Heavy Armor Battlegroup
ML 3-inch Mortar Team
Infantry Section
Royal Engineer Section
Construct Platoon Command Post
Humber Armored Car
Construct Field Infirmary
Humber Armored Car
Royal Engineer Section
Unlock Bishop Self-propelled Artillery
Selects Light Vehicle Withdraw and Refit
Bishop Self-propelled Artillery
Bishop Self-propelled Artillery
Infantry Section
6-pounder Anti-tank Gun Team
Bishop Self-propelled Artillery
Selects Engineer Detachments
Selects Forward Repair Assembly
Selects Rigorous Vehicle Training
Selects Forward Repair Assembly
Royal Engineer Section
Construct Company Command Post
Matilda II Heavy Tank
Selects Churchill Black Prince Heavy Tank
Churchill Black Prince Heavy Tank
Bishop Self-propelled Artillery
8jok
Sumanai_Eugen
pss77p
Karung_Vtuber
mi prima de Cifuentes
Flammable
Naoji
🅲ˇ西德4000ˇ
0
0

Comments sign in to comment!

No comments posted yet!